 Dungeon Crawl Stone Soup version 0.22-a0-750-ga7dcef7 (webtiles) character file.

504 Hebeh the Magician (level 6, -4/32 HPs)
             Began as a Deep Elf Fire Elementalist on July 15, 2018.
             Slain by a two-headed ogre
             ... wielding a +0 giant spiked club
              (24 damage)
             ... on level 4 of the Dungeon.
             The game lasted 00:28:23 (6552 turns).

Hebeh the Magician (Deep Elf Fire Elementalist)     Turns: 6552, Time: 00:28:24

Health: -4/32      AC:  3    Str:  5    XL:     6   Next: 96%
Magic:  6/16       EV: 13    Int: 22    God:
Gold:   164        SH:  0    Dex: 15    Spells: 2/16 levels left

rFire    . . .     SeeInvis .   o - +1 hand axe (elec)
rCold    . . .     Gourm    .   (no shield)
rNeg     . . .     Faith    .   a - +0 robe
rPois    .         Spirit   .   r - +0 helmet
rElec    .         Reflect  .   (no cloak)
rCorr    .         Harm     .   (no gloves)
MR       .....                  (no boots)
Stlth    ++........             (no amulet)
HPRegen  0.10/turn              (no ring)
MPRegen  0.15/turn              (no ring)

@: no status effects
A: no striking features
a: no special abilities


You were on level 4 of the Dungeon.
You were not hungry.

You visited 1 branch of the dungeon, and saw 4 of its levels.
You also visited: Ossuary.

You collected 164 gold pieces.

Inventory:

Hand Weapons
 k - a +0 hand axe
 o - a +1 hand axe of electrocution (weapon)
 t - a +1 vampiric hand axe
Missiles
 d - 43 sling bullets
 e - 112 stones
 m - 34 bolts
 n - 49 arrows
 y - 3 tomahawks of returning (quivered)
Armour
 a - a +0 robe (worn)
 r - a +0 helmet (worn)
Wands
 w - a wand of iceblast (8)
Scrolls
 f - 3 scrolls of remove curse {unknown}
 h - 2 scrolls of random uselessness {unknown}
 j - 3 scrolls of identify {unknown}
 p - 2 scrolls of fear {unknown}
 q - a scroll of teleportation {unknown}
 s - 2 scrolls of noise {unknown}
 u - a scroll of enchant weapon {unknown}
 v - 2 scrolls of fog {unknown}
 B - a scroll of immolation {unknown}
Potions
 b - 3 potions of lignification {unknown}
 g - a potion of haste {unknown}
 i - a potion of agility {unknown}
 l - a potion of heal wounds {unknown}
 x - 6 potions of curing {unknown}
 z - a potion of mutation {unknown}
 A - 2 potions of degeneration {unknown}
Comestibles
 c - 6 rations


   Skills:
 + Level 2.8 Dodging
 - Level 2.4 Stealth
 * Level 5.6 Spellcasting
 * Level 5.4 Conjurations
 * Level 5.2 Fire Magic


You had 2 spell levels left.
You knew the following spells:

 Your Spells              Type           Power        Failure   Level  Hunger
a - Flame Tongue          Conj/Fire      ####.        1%          1    None
b - Throw Flame           Conj/Fire      ####..       1%          2    None
c - Conjure Flame         Conj/Fire      ####....     3%          3    ##.....
d - Inner Flame           Hex/Fire       ###.....     10%         3    ##.....
e - Fireball              Conj/Fire      ####......   30%         5    #####..

Your spell library contained the following spells:

 Spells                   Type           Power        Failure   Level  Hunger
 Sticky Flame             Conj/Fire      ####....     11%         4    ####...


Dungeon Overview and Level Annotations

Branches:
Dungeon (4/15)
 Temple: D:4-7

Altars:
Cheibriados
Dithmenos
Okawaru
Qazlal
The Shining One

Shops:
D:4 [


Message History

The two-headed ogre hits you with a giant club!
Casting: Flame Tongue (safe; 1% risk of failure)
Confirm with . or Enter, or press ? or * to list all spells.
Aiming: Flame Tongue (safe; 1% risk of failure)
Press: ? - help, Shift-Dir - straight line, f/p - two-headed ogre
Aim: a two-headed ogre, wielding a giant spiked club and a giant club (heavily wounded)
The flame tongue hits the two-headed ogre.
The two-headed ogre appears unharmed.
The two-headed ogre is heavily wounded.
Casting: Flame Tongue (safe; 1% risk of failure)
Confirm with . or Enter, or press ? or * to list all spells.
Aiming: Flame Tongue (safe; 1% risk of failure)
Press: ? - help, Shift-Dir - straight line, f/p - two-headed ogre
Aim: a two-headed ogre, wielding a giant spiked club and a giant club (heavily wounded)
The flame tongue hits the two-headed ogre.
The two-headed ogre is severely wounded.
The two-headed ogre misses you.
The two-headed ogre hits you with a giant club!!
Ouch! That really hurt!
You die...

.. +..... . ....
#.... . .....#... .
.....##§#####
#.......# #.......#
#####...#####
##...##O##...##
####.8.8.#@#.8.8.#
#..
#..#.._..#.#.._..#
#..
#..#.8...#.#...8.#
##..
#..##...'#.#'...#
#...
#...#####...#####.#
#...
#.........⌠.......+
#...
#<..#####...#####...
#...
#..##...'#.#'...#
###'
####.8...#.#...8.#
#...


You could see a two-headed ogre.

Vanquished Creatures
  An elf zombie (Ossuary)
  2 centaur zombies (Ossuary)
  2 hounds (D:4)
  An orc priest (D:4)
  An orc wizard (D:4)
  2 worker ants (D:4)
  2 mummies (Ossuary)
  Robin (D:2)
  5 adders
  An ooze (D:1)
  A worm (D:4)
  A dart slug (D:2)
  5 leopard geckos
  5 orcs (D:4)
  A ball python (D:1)
  5 giant cockroaches
  11 goblins
  16 hobgoblins
  2 jackals (D:1)
  8 kobolds
  2 quokkas
  5 bats
  2 frilled lizards
  A goblin zombie (Ossuary)
  13 hobgoblin zombies (Ossuary)
  2 jackal zombies (Ossuary)
  3 kobold zombies (Ossuary)
  A leopard gecko skeleton (D:4)
  9 orc zombies (Ossuary)
  9 rats
120 creatures vanquished.

Notes
Turn   | Place    | Note
-------+----------+-------------------------------------------
     0 | D:1      | Hebeh the Deep Elf Fire Elementalist began the quest for the Orb.
     0 | D:1      | Reached XP level 1. HP: 10/10 MP: 6/6
   315 | D:1      | Reached XP level 2. HP: 15/15 MP: 0/8
   998 | D:1      | Reached XP level 3. HP: 19/19 MP: 7/9
  1382 | D:1      | Learned a level 2 spell: Throw Flame
  1386 | D:1      | Learned a level 3 spell: Conjure Flame
  1390 | D:1      | Learned a level 3 spell: Inner Flame
  1683 | D:2      | Noticed Robin
  2064 | D:2      | Reached XP level 4. HP: 20/24 MP: 3/11
  2493 | D:2      | Killed Robin
  2805 | D:2      | Found an iron altar of Okawaru.
  3951 | D:4      | Found a sand-covered staircase.
  3960 | Ossuary  | Entered an ossuary
  4173 | Ossuary  | Reached XP level 5. HP: 15/28 MP: 5/13
  4757 | Ossuary  | Reached skill level 5 in Spellcasting
  4757 | Ossuary  | Reached XP level 6. HP: 28/32 MP: 2/15
  5141 | D:4      | Reached skill level 5 in Conjurations
  5241 | D:4      | Learned a level 5 spell: Fireball
  5739 | D:4      | Reached skill level 5 in Fire Magic
  6165 | D:4      | Found Wan Uvvo's Armour Shop.
  6478 | D:4      | Found a shadowy altar of Dithmenos.
  6481 | D:4      | Found a stormy altar of Qazlal.
  6484 | D:4      | Found a snail-covered altar of Cheibriados.
  6487 | D:4      | Found a glowing golden altar of the Shining One.
  6536 | D:4      | Noticed a two-headed ogre
  6552 | D:4      | Slain by a two-headed ogre

Vault maps used:
D:1:      dpeg_arrival_windows_large_door, serial_park_tiny_2
D:2:      okawaru_gym_becter, first_ration, uniq_robin
D:4:      grunt_temple_overflow_cloverleaf, chequers_ossuary_entry_cave,
          serial_shops, nicolae_shop_crystal, kennysheep_decorative_pillar
Ossuary:  ossuary_tomb_1

Skill      XL: |  1  2  3  4  5  6 |
---------------+-------------------+-----
Conjurations   | 2 3 4 5 |  5.4
Spellcasting   | 4 5 |  5.6
Fire Magic     | 4 5 |  5.2
Dodging        | |  2.8
Stealth        | |  2.4

Action                   |  1- 3 |  4- 6 || total
-------------------------+-------+-------++-------
Melee: Hand axe          |       |     2 ||     2
Throw: Stone             |    40 |   118 ||   158
       Tomahawk          |       |     6 ||     6
 Cast: Flame Tongue      |    75 |   165 ||   240
       Throw Flame       |     3 |    13 ||    16
       Conjure Flame     |       |     2 ||     2
  Eat: Chunk             |     3 |     9 ||    12
       Ration            |       |     2 ||     2
Armor: Robe              |       |     6 ||     6
Dodge: Dodged            |    14 |    32 ||    46

Table legend:
 A = Spawn XP
 B = Non-spawn XP
 C = Spawn XP percentage of total XP
 D = Spawn monster count
 E = Non-spawn monster count
 F = Spawn count percentage of total count
 G = Total turns spent on level
                    A         B        C        D         E        F      G
               +---------+---------+-------+---------+---------+-------+---------
         Total |       0 |     720 |   0.0 |       0 |     120 |   0.0 |  6552
               +---------+---------+-------+---------+---------+-------+---------
           D:1 |       0 |      57 |   0.0 |       0 |      32 |   0.0 |  1522
           D:2 |       0 |     103 |   0.0 |       0 |      28 |   0.0 |  1476
           D:3 |       0 |      13 |   0.0 |       0 |       8 |   0.0 |   796
           D:4 |       0 |     295 |   0.0 |       0 |      19 |   0.0 |  1724
       Ossuary |       0 |     252 |   0.0 |       0 |      33 |   0.0 |  1034
               +---------+---------+-------+---------+---------+-------+---------
